 Dungeon Crawl Stone Soup version 0.31.0-11-ge490571c62 (webtiles) character file.

Game seed: 11028634133935304437

242 Gadfly the Insei (level 5, 0/41 HPs)
             Began as a Demonspawn Monk on Feb 5, 2024.
             Was an Initiate of Ru.
             Slain by a gnoll
             ... wielding a +0 flail
             ... led by a gnoll bouda
              (2 damage)
             ... on level 5 of the Dungeon.
             The game lasted 00:04:40 (4234 turns).

Gadfly the Insei (Demonspawn Monk)                  Turns: 4234, Time: 00:04:41

Health: 0/41       AC:  7    Str: 13    XL:     5   Next: 81%
Magic:  5/5        EV: 13    Int: 10    God:    Ru [......]
Gold:   314        SH:  0    Dex: 16    Spells: 1/4 levels left

rFire   + . .        b - +1 dagger (venom)
rCold   . . .        c - orb {light}
rNeg    . . .        a - +0 robe
rPois   +            (helmet restricted)
rElec   .            m - +0 cloak
rCorr   .            w - +0 pair of gloves
SInv    .            j - +0 pair of boots
Will    .....        (no amulet)
Stlth   +            s - ring of poison resistance
HPRegen 0.26/turn    u - ring of protection from fire
MPRegen 0.09/turn

%: no passive effects
@: marked, glowing
A: horns 1, icy blue scales 1
a: Renounce Religion


You were on level 5 of the Dungeon.
You worshipped Ru.
Ru was noncommittal.
You visited 2 branches of the dungeon, and saw 6 of its levels.

You collected 314 gold pieces.

Inventory:

Hand Weapons
 b - a +1 dagger of venom (weapon)
 v - a +1 whip of electrocution
Armour
 a - a +0 robe (worn)
 c - an orb of light (worn)
 j - a +0 pair of boots (worn)
 m - a +0 cloak (worn)
 w - a +0 pair of gloves (worn)
Jewellery
 s - a ring of poison resistance (left hand)
 u - a ring of protection from fire (right hand)
Talismans
 e - a blade talisman
 n - a serpent talisman
 q - a beast talisman
Scrolls
 f - a scroll of teleportation
 i - a scroll of brand weapon {unknown}
 l - 2 scrolls of identify
 p - 3 scrolls of fog
 r - 3 scrolls of fear
Potions
 d - 2 potions of attraction
 g - a potion of might
 h - a potion of ambrosia
 k - 2 potions of mutation {unknown}
 o - 3 potions of curing {unknown}


   Skills:
 - Level 3.0 Fighting
 + Level 3.3 Dodging
 * Level 3.9 Unarmed Combat
 * Level 2.8 Evocations
 * Level 2.2 Shapeshifting


You had one spell level left.
You knew the following spells:

 Your Spells              Type           Power      Damage    Failure   Level
a - Swiftness             Air            0%         N/A       75%         3

Your spell library contained the following spells:

 Spells                   Type           Power      Damage    Failure   Level
 Shock                    Conj/Air       0%         1d3       36%         1
 Airstrike                Air            0%         2d(0-16)  98%         4


Dungeon Overview and Level Annotations

Branches:
Dungeon (5/15)             Temple (1/1) D:4

Altars:
Ashenzari
Dithmenos
Fedhas
Hepliaklqana
Kikubaaqudgha
Nemelex Xobeh
Okawaru
Qazlal
Ru
Sif Muna
Trog
Uskayaw
Wu Jian
Xom
Yredelemnul

Annotations:
D:1 2 transporters


Innate Abilities, Weirdness & Mutations

You have a pair of small horns on your head.
You are partially covered in icy blue scales. (AC +2)


Message History

The gnoll bouda is severely wounded.
The gnoll closely misses you. The gnoll bouda closely misses you.
The gnoll hits you from afar with a +0 vampiric spear.
You hit the gnoll bouda.
The gnoll bouda looks as sick as possible!
You headbutt the gnoll bouda.
You kill the gnoll bouda!
The gnoll barely misses you.
A gnoll comes into view. It is wielding a +0 flail.
Unknown command.
The gnoll attacks as it pursues you! The gnoll hits you but does no damage.
The gnoll barely misses you.
An adder comes into view.
The gnoll is no longer moving quickly.
The gnoll misses you. The adder closely misses you. The gnoll misses you.
You can't go up here!
You hit the gnoll but do no damage.
The gnoll is poisoned.
The adder bites you but does no damage. The gnoll hits you with a +0 whip.
The gnoll closely misses you.
You hit the gnoll.
The gnoll looks as sick as possible!
The gnoll is moderately wounded.
The adder closely misses you. The gnoll misses you.
The gnoll hits you but does no damage. The adder closely misses you.
The gnoll closely misses you.
The gnoll hits you with a +2 flail of holy wrath!
You convulse!
You hit the gnoll.
The gnoll looks as sick as possible!
The gnoll is heavily wounded.
The gnoll closely misses you. The adder bites you but does no damage.
The gnoll hits you with a +0 whip. The gnoll hits you with a +0 flail!
* * * LOW HITPOINT WARNING * * *
The gnoll closely misses you.
You barely miss the gnoll.
The gnoll is severely wounded.
The gnoll is no longer moving quickly.
The gnoll hits you from afar with a +0 vampiric spear.
* * * LOW HITPOINT WARNING * * *
The adder bites you but does no damage. The gnoll closely misses you.
The gnoll hits you with a +0 flail.
You die...

#+###+#.........#
......#.........#
....g.))........#
#.........#
#.........+
#.........#
#.g.......##
##.ggg......
#..@.......
#..S.......
#..........
#..........
#..........
#..........
...#######+ ....


You could see 4 gnolls and an adder.

Vanquished Creatures
  A phantom (D:4)
  A gnoll bouda (D:5)
  3 adders
  A gnoll (D:5)
  4 ribbon worms
  2 dart slugs
  6 orcs (D:4)
  7 ball pythons
  6 endoplasms
  2 giant cockroaches
  8 goblins
  12 hobgoblins
  7 jackals
  A quokka (D:1)
  6 bats
  6 frilled lizards
  4 kobolds
  4 rats
81 creatures vanquished.

Notes
Turn   | Place    | Note
-------+----------+-------------------------------------------
     0 | D:1      | Gadfly the Demonspawn Monk began the quest for the Orb.
     0 | D:1      | Reached XP level 1. HP: 18/18 MP: 1/1
   154 | D:1      | Gained mutation: You have a pair of small horns on your
                  | head. [demonic ancestry]
   154 | D:1      | Reached XP level 2. HP: 24/24 MP: 2/2
   338 | D:1      | Reached skill level 1 in Evocations
   382 | D:1      | Reached skill level 1 in Shapeshifting
   397 | D:1      | Reached XP level 3. HP: 17/29 MP: 3/3
   662 | D:1      | Found a faded altar of an unknown god.
  1636 | D:3      | Gained mutation: You are partially covered in icy blue
                  | scales. (AC +2) [demonic ancestry]
  1636 | D:3      | Reached XP level 4. HP: 32/35 MP: 4/4
  2809 | D:3      | Learned a level 3 spell: Swiftness
  3313 | D:4      | Noticed a phantom
  3315 | D:4      | Found a staircase to the Ecumenical Temple.
  3333 | D:4      | Killed a phantom
  3334 | D:4      | Reached XP level 5. HP: 20/41 MP: 5/5
  4037 | Temple   | Entered the Ecumenical Temple
  4173 | Temple   | Became a worshipper of Ru the Awakened
  4208 | D:5      | Entered Level 5 of the Dungeon
  4234 | D:5      | HP: 2/41 [gnoll/+0 vampiric spear[a gnoll bouda] (6)]
  4234 | D:5      | Slain by a gnoll

Illustrated notes

Levels and vault maps discovered:
D:1:      spicycebolla_arrival_transporter_tutorial, layout_basic,
          chequers_ecumenical_altar_twisty, minmay_tetromino_l2
D:2:      layout_basic
D:3:      layout_basic, minmay_checkerbox
D:4:      layout_loops_corners, minmay_temple_entry_crystal_x
D:5:      layout_gridville
Temple:   nicolae_temple_bog_church

Skill      XL: |  1  2  3  4 |
---------------+-------------+-----
Unarmed Combat | 3 |  3.9
Evocations     | 1 2 |  2.8
Shapeshifting  | 1 2 |  2.2
Dodging        | 3 |  3.3
Fighting       | |  3.0

Action                     |  1- 3 |  4- 6 || total
---------------------------+-------+-------++-------
  Melee: Unarmed           |   103 |       ||   103
         Headbutt          |    24 |    29 ||    53
         Dagger            |    40 |   108 ||   148
         Whip              |       |     8 ||     8
 Invoke: Reject Sacrifices |       |     1 ||     1
    Use: Scroll            |     2 |     7 ||     9
 Armour: Robe              |    70 |    66 ||   136
  Dodge: Dodged            |   128 |    78 ||   206
